 Dungeon Crawl Stone Soup version 0.30-a0-373-gd37427bb62 (webtiles) character file.

Game seed: 16647000545744702589

9445 grindst0ne the Blocker (level 11, -6/101 HPs)
             Began as an Armataur Fighter on Nov 23, 2022.
             Was a Priest of Makhleb.
             Mangled by a centaur warrior (11 damage)
             ... on level 10 of the Dungeon.
             The game lasted 00:17:54 (8274 turns).

grindst0ne the Blocker (Armataur Fighter)           Turns: 8274, Time: 00:17:55

Health: -6/101     AC: 16    Str: 26    XL:     11   Next: 23%
Magic:  0/17       EV:  5    Int: 10    God:    Makhleb [***...]
Gold:   387        SH: 12    Dex: 14    Spells: 10/10 levels left

rFire   . . .      SeeInvis .    e - +5 whip "Enas" {drain, Str+4 Int+2}
rCold   . . .      Faith    .    f - +0 kite shield
rNeg    + . .      Spirit   +    D - +0 plate armour
rPois   +          Reflect  .    (helmet restricted)
rElec   .          Harm     .    j - +0 cloak
rCorr   .          Roll     +    (no gloves)
Will    +....                    (no barding)
Stlth   ..........               o - amulet of guardian spirit
HPRegen 0.36/turn                x - ring of positive energy
MPRegen 0.15/turn                p - ring of poison resistance

@: studying Shields
A: large, rugged brown scales 3, deformed body, armoured tail, roll, long
tongue, awkward tongue, antennae 1, fangs 1, iridescent scales 1, strong-willed
1, wild magic 1
a: Renounce Religion, Minor Destruction, Lesser Servant of Makhleb


You were on level 10 of the Dungeon.
You worshipped Makhleb.
Makhleb was most pleased with you.
You visited 1 branch of the dungeon, and saw 10 of its levels.

You collected 537 gold pieces.
You spent 150 gold pieces at shops.

Inventory:

Hand Weapons
 e - the +5 whip "Enas" (weapon) {drain, Str+4 Int+2}
   (You bought it in a shop on level 6 of the Dungeon)

   A truly terrible weapon, it drains the life of any living foe it strikes.
   Str:       It affects your strength (+4).
   Int:       It affects your intelligence (+2).
 r - a +1 broad axe of venom
 w - a +1 whip of flaming
Missiles
 i - 3 boomerangs (quivered)
 C - 10 poisoned darts
Armour
 f - a +0 kite shield (worn)
 j - a +0 cloak (worn)
 v - a +0 chain mail of cold resistance
 D - a +0 plate armour (worn)
Magical Staves
 y - a staff of fire
Jewellery
 h - a ring of wizardry
 k - a ring of positive energy
 o - an amulet of guardian spirit (around neck)
 p - a ring of poison resistance (right hand)
 x - a ring of positive energy (left hand)
Wands
 b - a wand of mindburst (11)
 z - a wand of flame (38)
 A - a wand of digging (3)
 B - a wand of light (10)
Scrolls
 a - a scroll of enchant armour {unknown}
 d - 2 scrolls of fear {unknown}
 g - a scroll of silence {unknown}
 l - 2 scrolls of teleportation {unknown}
 q - a scroll of amnesia
 s - 2 scrolls of immolation {unknown}
 u - 2 scrolls of poison
 F - 2 scrolls of enchant weapon
 H - 2 scrolls of blinking {unknown}
 I - a scroll of magic mapping {unknown}
Potions
 m - a potion of mutation
 n - a potion of resistance
 E - a potion of flight
Miscellaneous
 c - a box of beasts


   Skills:
 + Level 8.7 Fighting
 - Level 2.3 Long Blades
 + Level 11.3 Armour
 + Level 12.9 Shields
 + Level 8.8 Invocations


You had 10 spell levels left.
You didn't know any spells.
Your spell library contained the following spells:

 Spells                   Type           Power      Damage    Failure   Level
 Sandblast                Erth           0%         2d4       100%        1
 Shock                    Conj/Air       0%         1d3       100%        1
 Summon Small Mammal      Summ           0%         N/A       100%        1
 Passwall                 Tmut/Erth      0%         N/A       100%        2
 Call Canine Familiar     Summ           0%         N/A       100%        3
 Frozen Ramparts          Ice            0%         1d1       100%        3
 Stone Arrow              Conj/Erth      0%         3d7       100%        3
 Summon Guardian Golem    Hex/Summ       0%         N/A       100%        3
 Swiftness                Air            0%         N/A       100%        3
 Airstrike                Air            0%         2d(0-16)  100%        4
 Ice Form                 Ice/Tmut       0%         N/A       100%        4
 Summon Ice Beast         Ice/Summ       0%         N/A       100%        4


Dungeon Overview and Level Annotations

Branches:
Dungeon (10/15)            Temple (0/1) D:7
   Lair: D:8-11         Orc: D:9-12

Altars:
Cheibriados
Dithmenos
Elyvilon
Fedhas
Gozag
Makhleb
Okawaru
Qazlal

Shops:
D:1 :   D:6 (

Annotations:
D:7 2 transporters


Innate Abilities, Weirdness & Mutations

You are completely covered in rugged brown scales. (AC +3, +7% HP)
Armour fits poorly on your strangely shaped body.
You have a long armoured tail.
You roll when moving toward enemies. (Rampage)
Your long tongue fully drains potion bottles. (2x potion effects)
Your tongue gives you trouble enunciating. (1.5x scroll delay)
You have a pair of small antennae on your head.
You have very sharp teeth.
You are partially covered in iridescent scales. (AC +2)
You are strong-willed. (Will+)
Your spells are a little harder to cast, but a little more powerful.


Message History

The centaur warrior shoots an arrow.
The arrow barely misses you.
You enter the shallow water.
Moving in this stuff is going to be slow.
The centaur shoots an arrow.
You block the arrow.
The centaur shoots an arrow.
The arrow hits you but does no damage.
The centaur warrior shoots an arrow.
The arrow hits you!
* * * LOW HITPOINT WARNING * * *
The centaur warrior shoots an arrow.
The arrow hits you but does no damage.
The centaur shoots an arrow.
The arrow hits you but does no damage.
The centaur warrior shoots an arrow.
The arrow hits you.
* * * LOW HITPOINT WARNING * * *
The centaur warrior seems less drained.
Unknown command.
As you slowly read the scroll of fog, it crumbles to dust.
The scroll dissolves into smoke.
The centaur warrior shoots an arrow.
The arrow hits you but does no damage.
The centaur warrior shoots an arrow.
The arrow hits you but does no damage.
The centaur warrior shoots an arrow.
The arrow hits you.
* * * LOW HITPOINT WARNING * * *
As you slowly read the scroll of fog, it crumbles to dust.
The scroll dissolves into smoke.
The centaur warrior shoots an arrow.
You block the arrow.
The centaur unwields a +0 shortbow.
You block the centaur's attack.
The centaur kicks you but does no damage.
The centaur warrior shoots an arrow.
The arrow hits you!!
* * * LOW HITPOINT WARNING * * *
Unknown command.
You slurp down every last drop of the potion of curing!
You feel better.
The centaur warrior shoots an arrow.
The arrow hits you!
* * * LOW HITPOINT WARNING * * *
The centaur hits you but does no damage.
The centaur kicks you.
* * * LOW HITPOINT WARNING * * *
As you slowly read the scroll labelled SIBAF FOLL, it crumbles to dust.
It is a scroll of enchant weapon.
Your +0 broad axe of venom glows red for a moment.
You block the centaur's attack. x2
The centaur warrior unwields a +0 longbow.
The centaur warrior hits you!
You die...

### #<# #################
#####.#######.§§§...........#
#~
..............§§§§.§#######.#
#~~ ######........§§@c§.#
#.....##~~~
#........§§§c§§###.#####~~~~
###.......§§§§§§§§.....~~~~~
...........§.§§###.....~~~~~
...)....(...§§.# #.....~~~~~
#........>.########.....~~~~~
#..........+............~~~~~
.#.##.#...#########....c~~~~
#. ######~~~~


You could see a centaur warrior and a centaur.

Vanquished Creatures
  A centaur warrior (D:9)
  A two-headed ogre (D:9)
  A boulder beetle (D:9)
  A tengu warrior (D:9)
  An ugly thing (D:9)
  A manticore (D:9)
  A troll (D:9)
  7 yaks
  A wraith (D:9)
  A wyvern (D:8)
  A vampire (D:9)
  5 steam dragons
  Menkaure (D:4)
  2 acid dragons (D:9)
  A water moccasin (D:8)
  3 ice beasts
  3 orc warriors
  2 black bears (D:5)
  3 sky beasts (D:9)
  2 ogres
  3 centaurs
  A kobold brigand (D:9)
  A necrophage (D:6)
  A gnoll sergeant (D:8)
  A scorpion (D:6)
  9 wights
  A killer bee (D:9)
  4 howler monkeys (D:7)
  2 jellies
  An orc priest (D:7)
  A gnoll bouda (D:5)
  2 hounds (D:5)
  Ijyb (D:4)
  3 iguanas
  3 orc wizards
  7 gnolls
  6 adders
  A shadow imp (D:7)
  A white imp (D:7)
  An ufetubus (D:5)
  2 worms
  9 orcs
  5 ball pythons
  3 endoplasms
  3 giant cockroaches
  4 goblins
  6 hobgoblins
  10 kobolds
  2 quokkas (D:5)
  2 bats (D:3)
  2 frilled lizards
  5 rats
142 creatures vanquished.

Vanquished Creatures (collateral kills)
  A deep elf knight (D:9)
  A hornet (D:9)
  A bullfrog (D:9)
3 creatures vanquished.

Vanquished Creatures (others)
  A hound (D:7)
  An iguana (D:7)
2 creatures vanquished.

Grand Total: 147 creatures vanquished

Notes
Turn   | Place    | Note
-------+----------+-------------------------------------------
     0 | D:1      | grindst0ne the Armataur Fighter began the quest for the
                  | Orb.
     0 | D:1      | Reached XP level 1. HP: 19/19 MP: 1/1
    41 | D:1      | Found Qimanoy's Book Shop.
   101 | D:1      | Reached XP level 2. HP: 26/26 MP: 2/2
   533 | D:2      | Reached XP level 3. HP: 33/33 MP: 3/3
   555 | D:2      | Found a faded altar of an unknown god.
   562 | D:2      | Prayed at the altar of an unknown god.
   562 | D:2      | Became a worshipper of Makhleb the Destroyer
   562 | D:2      | Reached * piety under Makhleb
  1469 | D:3      | Found a snail-covered altar of Cheibriados.
  1752 | D:4      | Noticed Ijyb
  1783 | D:4      | Killed Ijyb
  1784 | D:4      | Reached skill level 4 in Shields
  1784 | D:4      | Reached skill level 1 in Invocations
  1784 | D:4      | Reached XP level 4. HP: 31/40 MP: 2/4
  2027 | D:4      | Noticed Menkaure
  2043 | D:4      | Killed Menkaure
  2044 | D:4      | Reached XP level 5. HP: 28/49 MP: 0/6
  2145 | D:4      | Reached skill level 5 in Armour
  2198 | D:4      | Found a blossoming altar of Fedhas.
  2475 | D:5      | Entered Level 5 of the Dungeon
  2511 | D:5      | Noticed an ogre
  2567 | D:5      | Killed an ogre
  2568 | D:5      | Reached XP level 6. HP: 45/55 MP: 3/7
  2621 | D:5      | Reached ** piety under Makhleb
  2622 | D:5      | Reached skill level 5 in Shields
  2759 | D:5      | Reached XP level 7. HP: 55/64 MP: 6/9
  3200 | D:6      | Found a stormy altar of Qazlal.
  3246 | D:6      | Identified a scroll of acquirement
  3248 | D:6      | Acquired a manual of Shields
  3394 | D:6      | Reached skill level 5 in Fighting
  3427 | D:6      | Found Taqaol's Antique Weapon Shoppe.
  3438 | D:6      | Bought a steaming whip for 150 gold pieces
  3438 | D:6      | Identified the +5 whip "Enas" {drain, Str+4 Int+2} (You
                  | bought it in a shop on level 6 of the Dungeon)
  3540 | D:6      | Reached XP level 8. HP: 72/72 MP: 11/11
  3706 | D:7      | Reached skill level 6 in Shields
  3737 | D:7      | Found a transporter.
  3740 | D:7      | Noticed a kobold demonologist
  3743 | D:7      | Found a transporter.
  3743 | D:7      | Noticed a centaur warrior
  3743 | D:7      | Noticed a two-headed ogre
  3756 | D:7      | Found an iron altar of Okawaru.
  3792 | D:7      | Reached skill level 5 in Invocations
  3969 | D:7      | Reached skill level 7 in Shields
  4553 | D:7      | Reached skill level 8 in Shields
  4553 | D:7      | Reached XP level 9. HP: 60/73 MP: 13/13
  4763 | D:7      | Found a staircase to the Ecumenical Temple.
  5377 | D:8      | Reached *** piety under Makhleb
  5433 | D:8      | Reached skill level 9 in Shields
  5501 | D:8      | Found a shadowy altar of Dithmenos.
  5730 | D:8      | Found an opulent altar of Gozag.
  6097 | D:9      | Gained mutation: You are strong-willed. (Will+) [potion of
                  | mutation]
  6097 | D:9      | Gained mutation: You have a pair of small antennae on your
                  | head. [potion of mutation]
  6097 | D:9      | Gained mutation: You have very sharp teeth. [potion of
                  | mutation]
  6097 | D:9      | Gained mutation: Your spells are a little harder to cast,
                  | but a little more powerful. [potion of mutation]
  6097 | D:9      | Gained mutation: You are partially covered in iridescent
                  | scales. (AC +2) [potion of mutation]
  6574 | D:9      | Noticed a troll
  6593 | D:9      | Killed a troll
  6594 | D:9      | Reached skill level 10 in Shields
  6619 | D:9      | Noticed a deep elf knight
  6635 | D:9      | Killed a deep elf knight
  6636 | D:9      | Reached XP level 10. HP: 19/92 MP: 8/15
  7010 | D:9      | Found a white marble altar of Elyvilon.
  7204 | D:9      | Reached skill level 10 in Armour
  7210 | D:9      | Reached skill level 11 in Shields
  7715 | D:9      | Noticed a red ugly thing
  7725 | D:9      | Killed a red ugly thing
  7732 | D:9      | Noticed a manticore
  7745 | D:9      | Killed a manticore
  7917 | D:9      | Noticed a two-headed ogre
  7922 | D:9      | Killed a two-headed ogre
  7923 | D:9      | Reached skill level 12 in Shields
  7926 | D:9      | Noticed a boulder beetle
  7944 | D:9      | Killed a boulder beetle
  7945 | D:9      | Reached XP level 11. HP: 90/101 MP: 15/17
  8033 | D:9      | Noticed a centaur warrior
  8047 | D:9      | Killed a centaur warrior
  8048 | D:9      | Noticed a tengu warrior
  8064 | D:9      | Killed a tengu warrior
  8151 | D:10     | Entered Level 10 of the Dungeon
  8245 | D:10     | Noticed a centaur warrior
  8246 | D:10     | Noticed a two-headed ogre
  8247 | D:10     | Noticed a two-headed ogre
  8272 | D:10     | HP: 1/101 [centaur warrior/arrow (17)]
  8274 | D:10     | Mangled by a centaur warrior

Illustrated notes

Levels and vault maps discovered:
D:1:      scummos_arrival_simple_fountains, layout_rooms, serial_shops,
          nicolae_shop_hallway_plus, minmay_tetromino_o2
D:2:      layout_loops_cross, ebering_ecumenical_altar_webs
D:3:      layout_loops_ring, mainiacjoe_overflow_six_doors_small
D:4:      layout_basic, old_standard_altar, uniq_ijyb, uniq_menkaure
D:5:      layout_cave_pools
D:6:      layout_cave_pools, grunt_qazlal_sundering, serial_shops,
          nicolae_shop_stone, minmay_misc_feat_chi
D:7:      layout_basic, gammafunk_temple_overflow_arena,
          minmay_temple_entry_drinking_statues
D:8:      layout_cave_pools, nicolae_gozag_seed_capital,
          grunt_dithmenos_smoke_and_mirrors
D:9:      minmay_chopped_fan, layout_loops_corners,
          mainiacjoe_overflow_small_starburst, hangedman_misty_isle
D:10:     cheibrodos_fzero, layout_basic, minitemple,
          minmay_orc_entry_temple_small

Skill      XL: |  1  2  3  4  5  6  7  8  9 10 |
---------------+-------------------------------+-----
Long Blades    | 2 |  2.3
Fighting       | 3 4 5 6 7 8 |  8.7
Armour         | 4 5 6 8 9 11 | 11.3
Shields        | 4 5 8 10 12 | 12.9
Invocations    | 1 2 3 4 5 7 8 |  8.8

Action                   |  1- 3 |  4- 6 |  7- 9 | 10-12 || total
-------------------------+-------+-------+-------+-------++-------
Melee: Long sword        |    84 |       |       |       ||    84
       Tailslap          |    13 |     8 |    51 |    32 ||   104
       Whip              |    42 |    60 |   364 |   191 ||   657
       Bite              |       |       |     6 |    26 ||    32
Throw: Boomerang         |     6 |     5 |     1 |       ||    12
       Dart              |       |     3 |       |       ||     3
Invok: Lesser Servant of |       |       |     4 |       ||     4
Evoke: Wand              |       |       |     1 |       ||     1
  Use: Scroll            |       |     2 |     6 |     5 ||    13
       Potion            |       |     2 |     8 |     2 ||    12
Armor: Scale mail        |    10 |       |       |       ||    10
       Leather armour    |    64 |    41 |    16 |       ||   121
       Plate armour      |       |       |   245 |   133 ||   378
Dodge: Dodged            |    53 |    30 |    89 |    27 ||   199
Block: Buckler           |    17 |    16 |    92 |       ||   125
       Kite shield       |       |       |    31 |   135 ||   166

Table legend: (Time is in decaauts)
 A = Elapsed time spent in this place.
 B = Non-inter-level travel time spent in this place.
 C = Inter-level travel time spent in this place.
 D = Time resting spent in this place.
 E = Time spent auto-exploring this place.
 F = Levels seen in this place.
 G = Mean time per level.
                   A        B        C        D        E       F      G
               +--------+--------+--------+--------+--------+-----+--------+
         Total |   8394 |   8124 |    270 |   1080 |   4837 |  10 |  839.4 |
       Dungeon |   8394 |   8124 |    270 |   1080 |   4837 |  10 |  839.4 |
               +--------+--------+--------+--------+--------+-----+--------+

Top non-repeatable levels by time:
     D:9: 2139 daAuts
     D:7: 1281 daAuts
     D:8: 1112 daAuts
     D:3: 781 daAuts
     D:4: 738 daAuts
     D:5: 735 daAuts
     D:2: 517 daAuts
     D:6: 484 daAuts
     D:1: 473 daAuts
    D:10: 130 daAuts
